 Dungeon Crawl Stone Soup version 0.20-a0-920-gb18bc0f (webtiles) character file.

81 Avack the Changer (level 4, -1/32 HPs)
             Began as a Demonspawn Transmuter on Mar 25, 2017.
             Slain by Felix's ghost (5 damage)
             ... on level 3 of the Dungeon.
             The game lasted 00:06:03 (3005 turns).

Avack the Changer (Demonspawn Transmuter)           Turns: 3005, Time: 00:06:03

Health: -1/32      AC:  2    Str: 10    XL:     4   Next: 19%
Magic:  16/16      EV: 19    Int: 15    God:
Gold:   131        SH:  0    Dex: 19    Spells: 1/7 levels left

rFire    . . .     SeeInvis .     - Unarmed
rCold    . . .     Gourm    .   (shield currently unavailable)
rNeg     . . .     Faith    .   (armour currently unavailable)
rPois    x         Spirit   .   (helmet currently unavailable)
rElec    .         Reflect  .   (cloak currently unavailable)
rCorr    .         Harm     .   (gloves currently unavailable)
MR       .....                  (boots currently unavailable)
Stlth    +++.......             (no amulet)
Regen    0.1/turn               h - ring of magical power
MPRegen  0.2/turn               m - ring of stealth

@: spider-form
A: (antennae 0), (fire resistance 0)
a: End Transformation


You were on level 3 of the Dungeon.
You were not hungry.
You were a venomous arachnid creature.
You visited 1 branch of the dungeon, and saw 3 of its levels.

You collected 131 gold pieces.

Inventory:

Hand Weapons
 q - a +0 blowgun
Missiles
 a - 33 arrows
 g - 25 stones (quivered)
 j - 16 poisoned needles
Armour
 b - a +0 robe (melded)
 n - a +0 pair of gloves (melded)
Jewellery
 h - a ring of magical power (left front leg)
 i - an uncursed ring of magical power
 m - a ring of stealth (right front leg)
Scrolls
 e - a scroll of random uselessness {unknown}
 f - a scroll of enchant armour {unknown}
 k - 3 scrolls of teleportation {unknown}
 l - 4 scrolls of identify {unknown}
 o - a scroll of fog {unknown}
Books
 c - a book of Changes

   Spells                             Type                      Level
   a - Beastly Appendage              Transmutation                1
   b - Sticks to Snakes               Transmutation                2
   c - Spider Form                    Transmutation/Poison         3
   d - Ice Form                       Ice/Transmutation            4
   e - Blade Hands                    Transmutation                5
Comestibles
 d - 4 bread rations


   Skills:
 - Level 1.0 Fighting
 - Level 1.7 Dodging
 - Level 2.6 Unarmed Combat
 - Level 2.0 Spellcasting
 + Level 3.6 Transmutations
 + Level 1.6 Poison Magic


You had one spell level left.
You knew the following spells:

 Your Spells              Type           Power        Failure   Level  Hunger
a - Beastly Appendage     Tmut           ##....       17%         1    #......
b - Sticks to Snakes      Tmut           ##......     24%         2    ###....
c - Spider Form           Tmut/Pois      #.........   45%         3    ###....


Dungeon Overview and Level Annotations

Branches:
Dungeon (3/15)

Altars:
Sif Muna

Annotations:
D:3 Felix's ghost, amateur DrCj


Innate Abilities, Weirdness & Mutations

((You have a pair of small antennae on your head.))
((Your flesh is heat resistant. (rF+)))


Message History

You bite the goblin!
You kill the goblin!
Felix's ghost misses you.
You closely miss Felix's ghost.
Felix's ghost is moderately damaged.
Felix's ghost points at you and mumbles some strange words.
The magic dart hits you!
You closely miss Felix's ghost.
Felix's ghost is moderately damaged.
Felix's ghost misses you.
You hit Felix's ghost.
Felix's ghost is heavily damaged.
Felix's ghost hits you!
* * * LOW HITPOINT WARNING * * *
It was a potion of magic.
Magic courses through your body. Felix's ghost misses you.
You hit Felix's ghost.
Felix's ghost is heavily damaged.
Felix's ghost hits you.
You die...

#.# ##.# ##....# #..#
#.# ##.....##
##.##.##.## ##.......##
#..##.....#
#.........###.# #####.#
#.........##..## #....##
#..............# #......
#......>W....#.# #....##
#..<...s..##.#.###......
#.......................
#................#####..
#>........##..#.........
#.........##....#.###.#.
#.....................#.
##........####.####..#..
##.....#.##.....##.....
###.##..#.......#.....


You could see Felix's ghost.

Vanquished Creatures
  2 adders (D:2)
  2 dart slugs
  A leopard gecko (D:1)
  A ball python (D:1)
  A giant cockroach (D:2)
  6 goblins
  5 hobgoblins
  3 jackals (D:2)
  4 kobolds
  3 bats
  3 frilled lizards
  3 rats
34 creatures vanquished.

Vanquished Creatures (collateral kills)
  An iguana (D:2)
  A worm (D:2)
  A dart slug (D:1)
  A giant cockroach (D:1)
  2 kobolds (D:1)
6 creatures vanquished.

Grand Total: 40 creatures vanquished

Notes
Turn   | Place    | Note
-------+----------+-------------------------------------------
     0 | D:1      | Avack the Demonspawn Transmuter began the quest for the Orb.
     0 | D:1      | Reached XP level 1. HP: 15/15 MP: 3/3
    64 | D:1      | Reached skill level 2 in Transmutations
   245 | D:1      | You fall through a shaft!
   260 | D:2      | Gained mutation: You have a pair of small antennae on your head. [demonic ancestry]
   260 | D:2      | Reached XP level 2. HP: 19/21 MP: 5/5
   445 | D:1      | Learned a level 2 spell: Sticks to Snakes
   545 | D:1      | Reached skill level 3 in Transmutations
   775 | D:1      | Reached XP level 3. HP: 11/26 MP: 6/6
  1228 | D:2      | Learned a level 3 spell: Spider Form
  2284 | D:3      | Found a deep blue altar of Sif Muna.
  2293 | D:3      | Noticed Felix's ghost (amateur DrCj)
  2314 | D:2      | Reached skill level 1 in Poison Magic
  2621 | D:2      | HP: 1/26 [iguana (12)]
  2622 | D:2      | Gained mutation: Your flesh is heat resistant. (rF+) [demonic ancestry]
  2622 | D:2      | Reached XP level 4. HP: 2/32 MP: 7/7
  3005 | D:3      | Slain by Felix's ghost

Vault maps used:
D:1:      mainiacjoe_arrival_reflecting_pool
D:2:      first_bread
D:3:      yredelemnul_forgotten_temple_becter, old_standard_altar,
          minmay_misc_feat_square, corner_web_ring, grunt_gozag_breadcrumbs

Skill      XL: |  1  2  3 |
---------------+----------+-----
Transmutations | 2 3 |  3.6
Poison Magic   | 1 |  1.6
Fighting       | |  1.0
Dodging        | |  1.7
Unarmed Combat | |  2.6
Spellcasting   | |  2.0

Action                   |  1- 3 |  4- 6 || total
-------------------------+-------+-------++-------
Melee: Unarmed           |   127 |    17 ||   144
       Kick              |    32 |       ||    32
       Punch             |     1 |       ||     1
 Cast: Beastly Appendage |    29 |       ||    29
       Sticks to Snakes  |     4 |       ||     4
       Spider Form       |       |     2 ||     2
  Use: Potion            |     1 |     1 ||     2
 Stab: Sleeping          |     2 |       ||     2
  Eat: Chunk             |     4 |       ||     4
       Bread ration      |     1 |       ||     1
Armor: Robe              |    27 |     1 ||    28
       Skin              |       |     1 ||     1
Dodge: Dodged            |    76 |    21 ||    97
